 Dungeon Crawl Stone Soup version 0.22-a0-268-g1cc83ef (console) character file.

27 Duffy the Firebug (level 2, -4/19 HPs)
             Began as a Demonspawn Fire Elementalist on Mar 9, 2018.
             Slain by a leopard gecko (5 damage)
             ... on level 1 of the Dungeon.
             The game lasted 00:00:51 (841 turns).

Duffy the Firebug (Demonspawn Fire Elementalist)     Turns: 841, Time: 00:00:52

Health: -4/19      AC:  2    Str:  8    XL:     2   Next: 93%
Magic:  0/5        EV: 12    Int: 16    God:
Gold:   36         SH:  0    Dex: 13    Spells: 4/5 levels left

rFire    . . .     SeeInvis .   (no weapon)
rCold    . . .     Gourm    .   (no shield)
rNeg     . . .     Faith    .   a - +0 robe
rPois    .         Spirit   .   (no helmet)
rElec    .         Reflect  .   (no cloak)
rCorr    .         Harm     .   (no gloves)
MR       .....                  (no boots)
Stlth    ++........             (no amulet)
HPRegen  0.06/turn              (no ring)
MPRegen  0.09/turn              (no ring)

@: no status effects
A: talons 1
a: no special abilities


You were on level 1 of the Dungeon.
You were not hungry.

You visited 1 branch of the dungeon, and saw 1 of its levels.

You collected 36 gold pieces.

Inventory:

Armour
 a - a +0 robe (worn)
Scrolls
 d - 2 scrolls of identify {unknown}
 e - a scroll of blinking {unknown}
Comestibles
 b - 4 chunks of flesh
 c - a ration


   Skills:
 - Level 1.7 Dodging
 - Level 1.7 Stealth
 + Level 2.1 Spellcasting
 + Level 2.7 Conjurations
 + Level 2.8 Fire Magic


You had 4 spell levels left.
You knew the following spells:

 Your Spells              Type           Power        Failure   Level  Hunger
a - Flame Tongue          Conj/Fire      ##...        7%          1    #......


Dungeon Overview and Level Annotations

Branches:
Dungeon (1/15)

Altars:


Innate Abilities, Weirdness & Mutations

You have sharp toenails.


Message History

Aim: a leopard gecko (clinging)
The flame tongue misses the leopard gecko.
The flame tongue hits the rat.
You kill the rat!
The leopard gecko bites you.
The leopard gecko bites you but does no damage.
Cast which spell? (? or * to list)
You don't have enough magic to cast that spell.
Cast which spell? (? or * to list)
You don't have enough magic to cast that spell.
Cast which spell? (? or * to list)
You don't have enough magic to cast that spell.
You hit the leopard gecko. You claw the leopard gecko.
The leopard gecko is heavily wounded.
The leopard gecko barely misses you.
You hit the leopard gecko but do no damage.
You claw the leopard gecko, but do no damage.
The leopard gecko is heavily wounded.
The leopard gecko bites you.
You die...

### ###
#########.#########
#.####
..................#
#.....
######.#.#######.#
#.#### .#######.#.###
#.#####.####
.............#
##.#.........
.#######.#.#.#
#..#####.#.#.
######.###@#
#..#......... #.)....#
#l# #..#..)......
#.####.###.##
#............ #.[....#
#..#.####..#.
#####..###)...........
#...........#.###.....
#.#..%......#.........
............#.####..#.
#..#.#..###....####..#.


You could see a leopard gecko.

Vanquished Creatures
  A leopard gecko (D:1)
  A giant cockroach (D:1)
  5 goblins (D:1)
  2 hobgoblins (D:1)
  3 jackals (D:1)
  3 bats (D:1)
  2 frilled lizards (D:1)
  3 kobolds (D:1)
  5 rats (D:1)
25 creatures vanquished.

Notes
Turn   | Place    | Note
-------+----------+-------------------------------------------
     0 | D:1      | Duffy the Demonspawn Fire Elementalist began the quest for the Orb.
     0 | D:1      | Reached XP level 1. HP: 13/13 MP: 3/3
   290 | D:1      | Gained mutation: You have sharp toenails. [demonic ancestry]
   290 | D:1      | Reached XP level 2. HP: 19/19 MP: 3/5
   841 | D:1      | Slain by a leopard gecko

Vault maps used:
D:1:      dpeg_arrival_subterranean_lakeside_camping

Skill      XL: |  1 |
---------------+----+-----
Conjurations   | 2 |  2.7
Dodging        | |  1.7
Stealth        | |  1.7
Spellcasting   | |  2.1
Fire Magic     | |  2.8

Action                   || total
-------------------------++-------
Melee: Unarmed           ||    14
       Kick              ||     5
 Cast: Flame Tongue      ||    32
Armor: Robe              ||     2
Dodge: Dodged            ||    21

Table legend:
 A = Spawn XP
 B = Non-spawn XP
 C = Spawn XP percentage of total XP
 D = Spawn monster count
 E = Non-spawn monster count
 F = Spawn count percentage of total count
 G = Total turns spent on level
                    A         B        C        D         E        F      G
               +---------+---------+-------+---------+---------+-------+---------
         Total |       0 |      39 |   0.0 |       0 |      25 |   0.0 |   841
               +---------+---------+-------+---------+---------+-------+---------
           D:1 |       0 |      39 |   0.0 |       0 |      25 |   0.0 |   841
               +---------+---------+-------+---------+---------+-------+---------
